 Dungeon Crawl Stone Soup version 0.23.2-1-ga50397a (webtiles) character file.

Game seed: 8436911125664695529

5352 MalarOregon the Covert (level 10, 0/61 HPs)
             Began as a Vampire Summoner on May 12, 2019.
             Was a Follower of Hepliaklqana.
             Slain by a yak (10 damage)
             ... on level 9 of the Dungeon.
             The game lasted 00:42:58 (19621 turns).

MalarOregon the Covert (Vampire Summoner)          Turns: 19621, Time: 00:42:58

Health: 0/61       AC:  0    Str: 10    XL:     10   Next: 38%
Magic:  2/16       EV: 22    Int: 18    God:    Hepliaklqana [*.....]
Gold:   320        SH:  0    Dex: 20    Spells: 7/17 levels left

rFire    . . .     SeeInvis +   (weapon currently unavailable)
rCold    + . .     Gourm    .   (shield currently unavailable)
rNeg     + + .     Faith    .   (armour currently unavailable)
rPois    +         Spirit   .   (helmet currently unavailable)
rElec    .         Reflect  .   (cloak currently unavailable)
rCorr    .         Harm     .   (gloves currently unavailable)
MR       +....                  (boots currently unavailable)
Stlth    +++++++...             (no amulet)
HPRegen  0.10/turn              (ring currently unavailable)
MPRegen  0.15/turn              (ring currently unavailable)

@: bat-form, flying, very slightly contaminated, regenerating slowly, very quick
A: tiny, reduced essence, fangs 3, see invisible
a: End Transformation, Recall Ancestor, Ancestor Identity, Renounce Religion


You were on level 9 of the Dungeon.
You worshipped Hepliaklqana.
Hepliaklqana was aware of your devotion.
You were near bloodless.
You were in vampire-bat-form.
You visited 2 branches of the dungeon, and saw 10 of its levels.

You collected 320 gold pieces.

Inventory:

Hand Weapons
 a - a +1 dagger of venom (melded)
   (You took it off an orc on level 3 of the Dungeon)
Armour
 b - a +2 buckler (melded)
   (You found it on level 2 of the Dungeon)
 h - the cursed +1 chain mail "Zagody" {rElec rF+ Str+2, unknown}
   (You found it on level 9 of the Dungeon)

   It affects your strength (+2).
   It protects you from fire.
   It insulates you from electricity.
   It has a curse placed upon it.
 j - a +0 robe (melded)
 l - a +1 cloak (melded)
   (You found it on level 4 of the Dungeon)
Jewellery
 g - the ring "Sixiq" {rCorr Str+4 Int-3 Slay+6, unknown}
   (You found it on level 9 of the Dungeon)

   [ring of resist corrosion]

   It affects your strength (+4).
   It affects your intelligence (-3).
   It affects your accuracy and damage with ranged weapons and melee attacks
   (+6).
 C - a cursed ring of attention {unknown}
   (You found it on level 7 of the Dungeon)
 F - an uncursed ring of poison resistance {unknown}
   (You found it on level 8 of the Dungeon)
Wands
 c - a wand of disintegration (5)
   (You found it on level 5 of the Dungeon)
 d - a wand of iceblast (4)
   (You found it on level 5 of the Dungeon)
 t - a wand of flame (30)
   (You found it on level 5 of the Dungeon)
 v - a wand of digging (4)
   (You found it on level 6 of the Dungeon)
 z - a wand of scattershot (3)
   (You found it on level 6 of the Dungeon)
Scrolls
 f - a scroll of teleportation {@r4}
 i - a scroll of fear
 k - a scroll of magic mapping
 u - a scroll of immolation {!r}
 x - 4 scrolls of identify {@r1}
 y - 3 scrolls of amnesia
 B - a scroll of remove curse {@r2}
Potions
 e - a potion of lignification {unknown}
 m - a potion of curing {@q1}
 n - a potion of berserk rage {unknown}
 o - 2 potions of flight {unknown}
 p - a potion of agility {unknown}
 q - 9 potions of blood {@q0}
 r - 2 potions of mutation {unknown}
 s - a potion of cancellation {unknown}
 w - 2 potions of heal wounds {@q2}
 A - a potion of ambrosia {unknown}
 D - 2 potions of degeneration {unknown}


   Skills:
 + Level 2.6 Fighting
 - Level 10.5 Short Blades
 - Level 4.0 Dodging
 + Level 11.6 Stealth
 - Level 4.0 Shields
 - Level 4.0 Spellcasting
 + Level 6.4 Summonings
 - Level 2.0 Ice Magic
 - Level 2.0 Air Magic


You had 7 spell levels left.
You knew the following spells:

 Your Spells              Type           Power        Failure   Level  Hunger
d - Summon Ice Beast      Ice/Summ       ###.....     26%         4    ####...
x - Call Imp              Summ           ####....     1%          2    ##.....
z - Summon Lightning Spi  Summ/Air       ###.....     26%         4    ####...

Your spell library contained the following spells:

 Spells                   Type           Power        Failure   Level  Hunger
 Summon Small Mammal      Summ           ####         1%          1    None
 Call Canine Familiar     Summ           ####....     3%          3    ###....
 Summon Guardian Golem    Hex/Summ       ###.....     12%         3    ###....


Dungeon Overview and Level Annotations

Branches:
Dungeon (9/15)             Temple (1/1) D:5            Lair (0/6) D:8
    Orc: D:9-12

Altars:
Ashenzari
Cheibriados
Dithmenos
Elyvilon
Fedhas
Gozag
Hepliaklqana
Kikubaaqudgha
Makhleb
Nemelex Xobeh
Okawaru
Qazlal
Ru
Sif Muna
Trog
Uskayaw
Vehumet
Wu Jian
Xom
Yredelemnul
Zin
The Shining One

Shops:
D:7 %!   D:8 ((%?


Innate Abilities, Weirdness & Mutations

You heal slowly.
You have razor-sharp teeth.
You have supernaturally acute eyesight. (SInv)
((You can survive without breathing.))
Your life essence is reduced to manifest your ancestor. (-10% HP)


Message History

Inhapi is destroyed!
You hit the yak.
The yak looks as sick as possible!
You block the yak's attack.
Your lightning spire shoots out a bolt of lightning at the yak!
The bolt of electricity hits the yak!
The yak dies!
The yak gores your lightning spire.
Your lightning spire shoots out a bolt of lightning at the yak!
The bolt of electricity hits the yak!
The yak gores your lightning spire!
Your lightning spire is destroyed!
The yak bellows!
An electric hum fills the air.
The yak gores your lightning spire.
You hit the yak but do no damage.
The yak is poisoned.
The yak closely misses you.
You barely miss the yak. You bite the yak.
You draw the yak's blood!
You feel better.
You feel slightly less thirsty.
The yak gores your lightning spire but does no damage.
The yak gores your lightning spire!
Your lightning spire is destroyed!
You barely miss the yak. You bite the yak, but do no damage. The yak gores you!
You miscast Summon Lightning Spire.
You are very lightly contaminated with residual magic.
The wind howls around you! The yak misses you.
You don't have enough magic to cast that spell.
A beastly little devil appears in a puff of flame.
The yak barely misses you. The yak gores you!
You hit the yak but do no damage.
The yak looks as sick as possible!
You hit the yak.
The yak is poisoned.
The yak completely misses you.
Your crimson imp hits the yak but does no damage.
You hit the yak but do no damage. The yak misses you. The yak gores you!
* * * LOW HITPOINT WARNING * * *
You barely miss the yak.
Your crimson imp completely misses the yak.
The yak gores you!
* * * LOW HITPOINT WARNING * * *
Okay, then.
You swap places.
The yak gores you.
* * * LOW HITPOINT WARNING * * *
The yak gores your crimson imp!
Your crimson imp blinks!
Here: a yak (lightly wounded, poisoned)
The floor.
The yak looks more healthy.
You turn into a vampire bat.
Your +1 dagger of venom melds into your body.
Your +1 cloak melds into your body.
Your +2 buckler melds into your body.
Your +0 robe melds into your body.
Your +1 dagger of venom stops dripping with poison.
You kill the yak!
The yak gores you!
You die...

........##.............(.# ...
........##.......5##.....# ...
#####...##........##.....# ... #
#.............##.....# ... #
#.............##..Y..# ... #
#...##.......Y##.....# ... #
#...##......†.##.....#####†.. #
#...##......Y.##.....5....... #
#...##......b.##.......5.†.5. #
#...##........##.............
#####...##..>.....##.........[...
........##........##.............
............###...##...........##
...(........# #...##...........#
............# #................#
.......###..# #................#
.......# #..# #.........>...


You could see 2 yaks and a friendly crimson imp.

Vanquished Creatures
  Pikel (D:8)
  3 hippogriffs
  2 yaks
  A vampire (D:9)
  A hungry ghost (D:8)
  Menkaure (D:5)
  An eye of draining (D:7)
  2 orc warriors
  2 sky beasts
  3 ogres
  A crocodile (D:8)
  A bullfrog (D:7)
  A scorpion (D:7)
  3 killer bees (D:8)
  3 wights (D:7)
  4 howler monkeys
  3 crimson imps
  2 centaur zombies
  4 orc priests
  3 hounds (D:8)
  A bullfrog skeleton (D:8)
  2 iguanas (D:9)
  5 orc wizards
  3 worker ants
  A hound skeleton (D:7)
  A howler monkey zombie (D:8)
  3 gnolls
  5 adders
  2 shadow imps
  An ooze (D:2)
  An adder skeleton (D:4)
  A worm (D:2)
  A dart slug (D:2)
  3 leopard geckos
  22 orcs
  A ball python (D:2)
  7 bats
  A bat zombie (D:2)
  3 giant cockroaches
  7 goblins
  4 hobgoblins
  7 jackals
  5 kobolds
  3 quokkas
  5 frilled lizards
  A leopard gecko skeleton (D:5)
  A quokka skeleton (D:8)
  7 rats
146 creatures vanquished.

Vanquished Creatures (collateral kills)
  A hippogriff (D:9)
  A spriggan (D:7)
  3 yaks (D:9)
  A basilisk (D:8)
  An ice beast (D:7)
  An ogre (D:7)
  A centaur (D:7)
  4 bullfrogs
  A scorpion (D:3)
  2 wights (D:7)
  4 crimson imps
  A centaur zombie (D:9)
  A quasit (D:9)
  3 orc priests
  A gnoll shaman (D:3)
  3 hounds
  2 jellies
  2 orc wizards
  A worker ant (D:5)
  5 gnolls
  6 adders
  3 shadow imps
  2 worms
  4 leopard geckos
  25 orcs
  A bat (D:2)
  A giant cockroach (D:3)
  4 hobgoblins
  4 jackals
  A quokka (D:2)
  3 goblins
  A kobold (D:1)
  6 rats
100 creatures vanquished.

Vanquished Creatures (others)
  12 ancestors
  3 fungi (D:8)
15 creatures vanquished.

Grand Total: 261 creatures vanquished

Notes
Turn   | Place    | Note
-------+----------+-------------------------------------------
     0 | D:1      | MalarOregon the Vampire Summoner began the quest for the
                  | Orb.
     0 | D:1      | Reached XP level 1. HP: 13/13 MP: 3/3
   477 | D:1      | Reached XP level 2. HP: 12/19 MP: 5/5
   502 | D:1      | Learned a level 2 spell: Call Imp
  1489 | D:2      | Reached XP level 3. HP: 24/24 MP: 6/6
  1542 | D:2      | Reached skill level 4 in Stealth
  1826 | D:2      | Reached XP level 4. HP: 6/30 MP: 5/7
  3629 | D:2      | Learned a level 4 spell: Summon Ice Beast
  4175 | D:3      | Reached XP level 5. HP: 21/36 MP: 6/9
  4987 | D:3      | Reached skill level 1 in Short Blades
  5135 | D:3      | Reached skill level 1 in Fighting
  5530 | D:3      | Reached skill level 5 in Stealth
  5556 | D:3      | Reached skill level 1 in Shields
  5558 | D:3      | Reached XP level 6. HP: 42/43 MP: 10/10
  6042 | D:4      | Reached skill level 5 in Summonings
  6541 | D:4      | Found a stormy altar of Qazlal.
  6584 | D:4      | Learned a level 4 spell: Summon Lightning Spire
  7289 | D:4      | Found a blossoming altar of Fedhas.
  7296 | D:4      | Found a shimmering altar of Xom.
  7303 | D:4      | Found a shattered altar of Ashenzari.
  7310 | D:4      | Found a bloodstained altar of Trog.
  7315 | D:4      | Found a snail-covered altar of Cheibriados.
  7322 | D:4      | Found an opulent altar of Gozag.
  7327 | D:4      | Found a sparkling altar of Nemelex Xobeh.
  7365 | D:5      | Entered Level 5 of the Dungeon
  7436 | D:5      | Reached XP level 7. HP: 33/49 MP: 9/12
  7649 | D:6      | Reached skill level 6 in Stealth
  8309 | D:6      | Reached skill level 1 in Air Magic
  8371 | D:5      | Reached skill level 1 in Ice Magic
  8402 | D:5      | Noticed Menkaure
  8403 | D:5      | Found a shadowy altar of Dithmenos.
  8411 | D:5      | Killed Menkaure
  8470 | D:5      | Found a staircase to the Ecumenical Temple.
  9101 | Temple   | Entered the Ecumenical Temple
  9176 | Temple   | Became a worshipper of Hepliaklqana the Forgotten
 10157 | D:6      | Reached XP level 8. HP: 50/50 MP: 5/14
 10454 | D:6      | Found a deep blue altar of Sif Muna.
 11094 | D:6      | Reached skill level 7 in Stealth
 12662 | D:7      | Reached skill level 8 in Stealth
 13261 | D:7      | Found Lam Lerchump's Distillery.
 13272 | D:7      | Reached skill level 5 in Short Blades
 13347 | D:7      | Reached skill level 9 in Stealth
 14276 | D:7      | Reached XP level 9. HP: 54/54 MP: 15/15
 14321 | D:7      | Reached skill level 10 in Stealth
 14615 | D:7      | Found Xiemet's Food Shop.
 14619 | D:7      | You fall through a shaft for 2 floors!
 14683 | D:9      | Found an iron altar of Okawaru.
 15225 | D:8      | Found Umoot's Weapon Shoppe.
 15226 | D:8      | Found Jetsilye's Food Shoppe.
 15228 | D:8      | Found Tucs's Magic Scroll Shoppe.
 15229 | D:8      | Found Lyelel's Weapon Shoppe.
 16064 | D:8      | Reached * piety under Hepliaklqana
 16806 | D:8      | Found a staircase to the Lair.
 17403 | D:8      | Noticed Pikel
 17450 | D:8      | Killed Pikel
 17450 | D:8      | Reached skill level 10 in Short Blades
 17749 | D:9      | Reached XP level 10. HP: 57/60 MP: 16/16
 17783 | D:9      | Got a warped iron ring
 18465 | D:9      | Got an opal-encrusted chain mail
 18696 | D:9      | Reached skill level 11 in Stealth
 19621 | D:9      | Slain by a yak

Skill      XL: |  1  2  3  4  5  6  7  8  9 10 |
---------------+-------------------------------+-----
Stealth        | 4 5 6 9 10 11 | 11.6
Dodging        | 3 4 |  4.0
Short Blades   | 1 2 3 5 10 | 10.5
Spellcasting   | 3 4 |  4.0
Fighting       | 1 2 |  2.6
Shields        | 1 2 4 |  4.0
Summonings     | 5 6 |  6.4
Air Magic      | 2 |  2.0
Ice Magic      | 1 2 |  2.0

Action                   |  1- 3 |  4- 6 |  7- 9 | 10-12 || total
-------------------------+-------+-------+-------+-------++-------
Melee: Club              |    61 |       |       |       ||    61
       Unarmed           |    17 |       |     1 |       ||    18
       Bite              |    16 |    17 |    34 |    11 ||    78
       Dagger            |    43 |   192 |   378 |    79 ||   692
 Cast: Call Imp          |    17 |    44 |    75 |     5 ||   141
       Summon Small Mamm |       |     1 |       |       ||     1
       Summon Lightning  |       |       |     1 |    14 ||    15
Invok: Recall Ancestor   |       |       |     3 |       ||     3
 Abil: Bat Form          |       |     1 |     2 |     1 ||     4
       End Transformatio |       |     1 |     2 |       ||     3
Evoke: Wand              |       |       |     4 |       ||     4
  Use: Potion            |       |     9 |    22 |     3 ||    34
       Scroll            |       |       |     9 |       ||     9
 Stab: Sleeping          |     9 |    16 |    16 |     1 ||    42
       Distracted        |       |     1 |     2 |     2 ||     5
Armor: Robe              |    57 |    20 |    17 |     8 ||   102
Dodge: Dodged            |   114 |   102 |   150 |    22 ||   388
Block: Buckler           |       |    35 |    83 |    21 ||   139
